 Dungeon Crawl Stone Soup version 0.27.1-33-g824d729ab1 (webtiles) character file.

Game seed: 16919855152478300437

233 Kinoniko the Chopper (level 5, -3/61 HPs)
             Began as a Demonspawn Berserker on Dec 14, 2021.
             Was a Believer of Trog.
             Slain by a two-headed ogre (13 damage)
             ... on level 4 of the Dungeon.
             The game lasted 00:03:07 (4453 turns).

Kinoniko the Chopper (Demonspawn Berserker)         Turns: 4453, Time: 00:03:07

Health: -3/61      AC: 11    Str: 18    XL:     5   Next: 75%
Magic:  5/5        EV:  7    Int: 12    God:    Trog [**....]
Gold:   205        SH:  0    Dex: 13    Spells: 4/4 levels left

rFire    . . .     SeeInvis .   l - +0 war axe
rCold    . . .     Faith    .   (no shield)
rNeg     . . .     Spirit   .   e - +1 chain mail
rPois    .         Reflect  .   (no helmet)
rElec    .         Harm     .   q - +1 cloak
rCorr    .         Rampage  .   (no gloves)
Will     .....                  (no boots)
Stlth    ..........             (no amulet)
HPRegen  0.20/turn              (no ring)
MPRegen  0.09/turn              (no ring)

@: berserking, very quick
A: claws 1, big brain 2, demonic magic 1
a: Renounce Religion, Berserk, Trog's Hand


You were on level 4 of the Dungeon.
You worshipped Trog.
Trog was pleased with you.
You visited 1 branch of the dungeon, and saw 4 of its levels.

You collected 205 gold pieces.

Inventory:

Hand Weapons
 a - a +0 hand axe
 l - a +0 war axe (weapon)
Armour
 b - a +0 animal skin
 e - a +1 chain mail (worn)
 q - a +1 cloak (worn)
Scrolls
 c - a scroll of identify
 d - a scroll of fog
 o - a scroll of blinking
Potions
 g - a potion of lignification {unknown}
 i - a potion of haste {unknown}
 m - 2 potions of flight {unknown}
 n - a potion of ambrosia {unknown}
 p - a potion of resistance


   Skills:
 - Level 3.0 Fighting
 * Level 6.0 Axes
 - Level 1.7 Armour
 - Level 1.7 Dodging


You had 4 spell levels left.
You didn't know any spells.
Your spell library was empty.

Dungeon Overview and Level Annotations

Branches:
Dungeon (4/15)
 Temple: D:4-7

Altars:


Innate Abilities, Weirdness & Mutations

You have sharp fingernails.
You have an extremely huge brain. (Int +4)
Spells you cast may paralyse adjacent enemies.


Message History

No target in view!
No target in view!
No target in view!
You see here an adder corpse.
A two-headed ogre comes into view.
It is wielding a +0 giant spiked club and a +0 giant club.
The two-headed ogre shouts in stereo!
A two-headed ogre is nearby!
A two-headed ogre is nearby!
A two-headed ogre is nearby!
Found a stone staircase leading down.
You now have 205 gold pieces (gained 11).
A red film seems to cover your vision as you go berserk!
You feel yourself moving faster!
You feel mighty!
The two-headed ogre hits you but does no damage.
The two-headed ogre hits you with a +0 giant club!
Your chain mail prevents you from hitting the two-headed ogre.
You barely miss the two-headed ogre. The two-headed ogre barely misses you.
The two-headed ogre hits you with a +0 giant club.
A hobgoblin comes into view.
The hobgoblin shouts!
You slice the two-headed ogre!!
The two-headed ogre is heavily wounded.
The two-headed ogre hits you with a +0 giant spiked club!
The two-headed ogre hits you with a +0 giant club!
* * * LOW HITPOINT WARNING * * *
You are too injured to fight recklessly!
You are too injured to fight recklessly!
You are too injured to fight recklessly!
You are too injured to fight recklessly!
Unknown command.
You barely miss the two-headed ogre.
The two-headed ogre is heavily wounded.
You slash the two-headed ogre!
The two-headed ogre is severely wounded.
The two-headed ogre barely misses you. x2
You slash the two-headed ogre!
The two-headed ogre is almost dead.
The two-headed ogre barely misses you.
The two-headed ogre hits you with a +0 giant club!
You die...

#.# #.# #. #.## # #.
.#.# #. #. #.##
##.##. #.#### .....
.....# ..g #.##.###
######O## ...#...
.>.....@#
#..#.##########..#
#......>#######..####
#...................#
####.##.##.#####..#.#
#.##.##.# #....#.##
#.##.##.# ##†#......
#.##.##.####...###.##
#..................#


You could see a two-headed ogre and a hobgoblin.

Vanquished Creatures
  Crazy Yiuf (D:3)
  7 gnolls (D:3)
  5 adders
  An adder skeleton (D:2)
  An adder zombie (D:2)
  3 worms
  3 dart slugs (D:1)
  5 orcs (D:3)
  A bat zombie (D:2)
  3 endoplasms
  2 giant cockroaches
  2 goblins
  A hobgoblin (D:3)
  3 jackals (D:1)
  3 quokkas
  6 ball pythons
  2 ball python skeletons (D:2)
  5 bats (D:1)
  6 frilled lizards
  7 kobolds
  A quokka zombie (D:2)
  9 rats
77 creatures vanquished.

Notes
Turn   | Place    | Note
-------+----------+-------------------------------------------
     0 | D:1      | Kinoniko the Demonspawn Berserker began the quest for the
                  | Orb.
     0 | D:1      | Reached XP level 1. HP: 18/18 MP: 1/1
    70 | D:1      | Reached skill level 3 in Axes
    96 | D:1      | Gained mutation: Spells you cast may paralyse adjacent
                  | enemies. [demonic ancestry]
    96 | D:1      | Reached XP level 2. HP: 21/24 MP: 2/2
   623 | D:1      | Gained mutation: You have sharp fingernails. [demonic
                  | ancestry]
   623 | D:1      | Reached XP level 3. HP: 29/29 MP: 3/3
   785 | D:2      | Reached ** piety under Trog
   792 | D:2      | Reached skill level 4 in Axes
  1637 | D:2      | Gained mutation: You have an unusually large brain. (Int
                  | +2) [demonic ancestry]
  1637 | D:2      | Reached XP level 4. HP: 15/35 MP: 4/4
  3107 | D:3      | Reached skill level 5 in Axes
  3204 | D:3      | Gained mutation: You have an extremely huge brain. (Int +4)
                  | [demonic ancestry]
  3204 | D:3      | Reached XP level 5. HP: 22/41 MP: 5/5
  3584 | D:3      | Found a faded altar of an unknown god.
  3659 | D:3      | Found a runed translucent door.
  3660 | D:3      | Noticed Crazy Yiuf
  4082 | D:3      | Killed Crazy Yiuf
  4438 | D:4      | Reached skill level 6 in Axes
  4443 | D:4      | Noticed a two-headed ogre
  4453 | D:4      | Slain by a two-headed ogre

Illustrated notes

Levels and vault maps discovered:
D:1:      scummos_arrival_simple_fountains, layout_loops_ring
D:2:      layout_loops_corners, serial_undead, serial_undead_f, serial_undead_e,
          serial_undead_a, serial_undead_f, serial_undead_d
D:3:      layout_basic, shapermc_ecumenical_altar_venn, uniq_crazy_yiuf_cottage
D:4:      layout_loops_ring, minmay_temple_entry_junction,
          hangedman_decor_growths

Skill      XL: |  1  2  3  4  5 |
---------------+----------------+-----
Axes           | 3 4 5 6 |  6.0
Fighting       | |  3.0
Armour         | |  1.7
Dodging        | |  1.7

Action                   |  1- 3 |  4- 6 || total
-------------------------+-------+-------++-------
Melee: Hand axe          |   141 |    48 ||   189
       War axe           |       |    70 ||    70
Invok: Berserk           |     1 |     5 ||     6
  Use: Scroll            |       |     7 ||     7
Armor: Animal skin       |     6 |       ||     6
       Chain mail        |    80 |    51 ||   131
Dodge: Dodged            |    63 |    52 ||   115
